 Dungeon Sprint DCSS version 0.18-a0-125-g4c9da24 (webtiles) character file.

1088 Kidiri the Covert (level 8, -3/41 HPs)
             Began as a Spriggan Enchanter on Nov 21, 2015.
             Was a Believer of Dithmenos.
             Slain by Snorg (18 damage)
             ... in the Dungeon (Sprint III: "The Ten Rune Challenge").
             The game lasted 00:07:16 (767 turns).

Kidiri the Covert (Spriggan Enchanter)               Turns: 767, Time: 00:07:16

Health: -3/41      AC:  6    Str:  4    XL:     8   Next: 9%
Magic:  11/21      EV: 26    Int: 16    God:    Dithmenos [**....]
Gold:   38         SH:  0    Dex: 17    Spells: 8 memorised, 2 levels left

rFire  . . .     SeeInvis +     a - +2 dagger
rCold  . . .     Clarity  +     b - +1 robe
rNeg   . . .     SustAt   .     (shield restricted)
rPois  +         Gourm    .     (helmet restricted)
rElec  .         Spirit   .     l - +2 cloak {+Inv}
rCorr  .         Warding  .     (gloves unavailable)
rMut   .         NoTele   +     (boots unavailable)
MR     +....                    (no amulet)
Stlth  +++++++...               (no ring)
                                k - ring of poison resistance

@: wreathed by umbra, very quick, somewhat resistant to hostile enchantments,
extremely stealthy
A: unfitting armour, hooves 1, horns 1, see invisible, clarity, clumsy 1,
herbivore 3, speed 3, slow metabolism 2, wild magic 1
a: Shadow Step, Renounce Religion, Evoke Invisibility


You were in the Dungeon.
You worshipped Dithmenos.
Dithmenos was pleased with you.
You were not hungry.

You visited 1 branch You collected 38 gold pieces.

Inventory:

Hand Weapons
 a - a +2 dagger (weapon)
Armour
 b - a +1 robe (worn)
 l - a +2 cloak of invisibility (worn)
Jewellery
 k - a ring of poison resistance (left hand)
Scrolls
 j - a scroll of blinking
 n - a scroll of torment
Potions
 e - a potion of curing
 f - a potion of heal wounds
 g - a potion of haste
 h - a potion of magic
 m - a potion of berserk rage
 r - 2 potions of cure mutation
 s - 3 potions of flight
 v - a potion of cancellation
Books
 i - a Young Poisoner's Handbook

   Spells                             Type                      Level
   a - Sting                          Conjuration/Poison           1
   b - Cure Poison                    Poison                       2
   c - Mephitic Cloud                 Conjuration/Poison/Air       3
   d - Olgreb's Toxic Radiance        Poison                       4
   e - Venom Bolt                     Conjuration/Poison           5
Comestibles
 d - a bread ration
 q - 3 royal jellies


   Skills:
 + Level 3.6 Fighting
 * Level 7.3 Short Blades
 + Level 3.4 Armour
 * Level 10.0 Dodging
 * Level 11.4 Stealth
 * Level 8.4 Spellcasting
 + Level 3.0 Conjurations
 + Level 6.6 Hexes
 + Level 3.2 Ice Magic
 + Level 1.9 Air Magic
 + Level 2.0 Poison Magic
 - Level 2.1 Invocations
 + Level 5.0 Evocations


You had 2 spell levels left.
You knew the following spells:

 Your Spells              Type           Power        Failure   Level  Hunger
a - Corona                Hex            #####..      3%          1    None
b - Ensorcelled Hibernat  Hex/Ice        ####..       5%          2    None
c - Confuse               Hex            #####...     5%          3    #......
d - Tukima's Dance        Hex            #####...     5%          3    #......
e - Dazzling Spray        Conj/Hex       ####....     13%         3    #......
f - Cure Poison           Pois           ###.......   19%         2    None
g - Mephitic Cloud        Conj/Pois/Air  ###.....     26%         3    #......
h - Olgreb's Toxic Radia  Pois           ###.....     65%         4    ###....


Dungeon Overview and Level Annotations

Branches:
Dungeon (1/1)

Altars:
Cheibriados
Dithmenos
Elyvilon
Fedhas
Gozag
Kikubaaqudgha
Makhleb
Nemelex Xobeh
Okawaru
Qazlal
Ru
Sif Muna
Trog
Vehumet
Xom
Yredelemnul
Zin
The Shining One
Jiyva
Lugonu

Annotations:
D Snorg


Innate Abilities, Weirdness & Mutations

You are tiny and cannot use many weapons and most armour.
You have supernaturally acute eyesight.
You are a herbivore.
You cover ground extremely quickly.
You need consume almost no food.
You have large cloven feet.
You have a pair of small horns on your head.
You possess an exceptional clarity of mind.
You are clumsy. (Dex -2)
Your spells are a little harder to cast, but a little more powerful.


Message History

Snorg completely misses you. Snorg misses you.
Unknown command.
Snorg is no longer blind.
Snorg rages.
There is a fountain of clear blue water here.
There is an open door to the Ecumenical Temple here.
Snorg rages.
Drink which item? (? for menu, Esc to quit)
You feel much better. Snorg completely misses you. Snorg barely misses you.
Snorg completely misses you.
Snorg rages.
Casting: Confuse
Confirm with . or Enter, or press ? or * to list all spells.
Aiming: Dazzling Spray
Press: ? - help, Shift-Dir - straight line, f/p - Snorg
Aim: Snorg (berserk, fast, unusually strong, umbra)
The spray of energy hits Snorg.
Snorg is lightly wounded.
Snorg completely misses you. Snorg claws you! Snorg claws you!!
You die...

▓.....#....≈.♣♣♣..###+#+##
▓%....#)..≈≈♣..♣♣.#.......
▓.....#..≈≈≈≈♣♣♣♣.'.⌠.....
▓####'#..≈≈≈≈≈≈♣..#...####
▓)....#.≈≈≈≈≈≈....#.⌠.#__#
▓.)...#.≈≈≈≈≈.....#...#__#
▓.....#.≈≈≈.......#+###__#
▓'#####...........#.))#__#
▓........@T.......#___#_.+
▓▓▓▓▓▓▓▓▓▓▓▓▓▓▓▓▓▓▓▓▓▓▓▓▓▓


You could see Snorg (berserk).

Vanquished Creatures
  A deep elf priest (D)
  A shadow (D)
  A spatial vortex (D)
  A necrophage (D)
  A water elemental (D)
  A jelly (D)
  A wizard (D)
  Crazy Yiuf (D)
  Jessica (D)
  A necromancer (D)
  A kobold demonologist (D)
  3 humans (D)
  An ooze (D)
  2 rats (D)
17 creatures vanquished.

Vanquished Creatures (others)
  2 draconian scorchers (D)
  A hydra (D)
  2 yaktaurs (D)
  A fire drake (D)
  2 plants (D)
8 creatures vanquished.

Grand Total: 25 creatures vanquished

Notes
Turn   | Place    | Note
--------------------------------------------------------------
     0 | D        | Kidiri the Spriggan Enchanter began the quest for the Orb.
     0 | D        | Reached XP level 1. HP: 9/9 MP: 5/5
    12 | D        | Reached skill level 5 in Stealth
    23 | D        | Noticed Jessica
    26 | D        | Killed Jessica
    26 | D        | Reached skill level 1 in Fighting
    26 | D        | Reached skill level 1 in Armour
    26 | D        | Reached skill level 6 in Stealth
    26 | D        | Reached XP level 2. HP: 12/14 MP: 6/8
    26 | D        | Reached XP level 3. HP: 15/18 MP: 6/9
    31 | D        | Learned a level 2 spell: Ensorcelled Hibernation
    35 | D        | Learned a level 3 spell: Confuse
    39 | D        | Learned a level 3 spell: Dazzling Spray
    86 | D        | Killed a yaktaur
   109 | D        | Reached skill level 5 in Dodging
   115 | D        | Killed a yaktaur
   187 | D        | Noticed Crazy Yiuf
   198 | D        | Killed Crazy Yiuf
   198 | D        | Reached skill level 7 in Stealth
   198 | D        | Reached XP level 4. HP: 22/22 MP: 3/11
   226 | D        | Gained mutation: You are clumsy. (Dex -2) [potion of mutation]
   226 | D        | Gained mutation: You possess an exceptional clarity of mind. [potion of mutation]
   226 | D        | Gained mutation: You have a pair of small horns on your head. [potion of mutation]
   227 | D        | Gained mutation: Your spells are a little harder to cast, but a little more powerful. [potion of mutation]
   227 | D        | Gained mutation: You have large cloven feet. [potion of mutation]
   232 | D        | Killed a white draconian scorcher
   233 | D        | Learned a level 3 spell: Tukima's Dance
   236 | D        | Killed a white draconian scorcher
   275 | D        | Reached skill level 5 in Spellcasting
   275 | D        | Reached skill level 1 in Conjurations
   275 | D        | Reached skill level 1 in Ice Magic
   275 | D        | Reached skill level 1 in Evocations
   275 | D        | Reached XP level 5. HP: 24/26 MP: 11/13
   299 | D        | Noticed a shadow
   320 | D        | Killed a shadow
   320 | D        | Reached skill level 5 in Short Blades
   320 | D        | Reached skill level 9 in Stealth
   320 | D        | Reached skill level 5 in Hexes
   320 | D        | Reached XP level 6. HP: 25/32 MP: 2/16
   377 | D        | Killed a fire drake
   542 | D        | Found a stormy altar of Qazlal.
   542 | D        | Noticed a spatial vortex
   543 | D        | Found a sacrificial altar of Ru.
   543 | D        | Found a burning altar of Makhleb.
   543 | D        | Found a viscous altar of Jiyva.
   543 | D        | Found a shimmering altar of Xom.
   543 | D        | Found a shadowy altar of Dithmenos.
   543 | D        | Found a sparkling altar of Nemelex Xobeh.
   543 | D        | Found a corrupted altar of Lugonu.
   543 | D        | Found an opulent altar of Gozag.
   549 | D        | Became a worshipper of Dithmenos the Shadowed
   550 | D        | Killed a spatial vortex
   550 | D        | Reached skill level 10 in Stealth
   550 | D        | Reached skill level 1 in Invocations
   587 | D        | Found a radiant altar of Vehumet.
   588 | D        | Found a deep blue altar of Sif Muna.
   588 | D        | Found an ancient bone altar of Kikubaaqudgha.
   591 | D        | Reached * piety under Dithmenos
   600 | D        | Learned a level 2 spell: Cure Poison
   604 | D        | Learned a level 3 spell: Mephitic Cloud
   614 | D        | Found a glowing silver altar of Zin.
   615 | D        | Found a glowing golden altar of the Shining One.
   615 | D        | Found a white marble altar of Elyvilon.
   615 | D        | Noticed a deep elf priest
   617 | D        | Killed a deep elf priest
   617 | D        | Reached skill level 1 in Air Magic
   617 | D        | Reached skill level 1 in Poison Magic
   617 | D        | Reached XP level 7. HP: 36/36 MP: 19/19
   626 | D        | Learned a level 4 spell: Olgreb's Toxic Radiance
   632 | D        | Found an iron altar of Okawaru.
   633 | D        | Found a bloodstained altar of Trog.
   633 | D        | Noticed a human
   633 | D        | Noticed a human
   637 | D        | Killed a human
   637 | D        | Reached skill level 11 in Stealth
   640 | D        | Killed a human
   640 | D        | Reached ** piety under Dithmenos
   672 | D        | Killed a seven-headed hydra
   704 | D        | Found a snail-covered altar of Cheibriados.
   705 | D        | Found a basalt altar of Yredelemnul.
   705 | D        | Found a blossoming altar of Fedhas.
   706 | D        | Reached skill level 5 in Evocations
   706 | D        | Reached XP level 8. HP: 41/41 MP: 21/21
   707 | D        | Reached skill level 10 in Dodging
   730 | D        | Noticed Snorg
   767 | D        | Slain by Snorg

Vault maps used:
D:        dungeon_sprint_mu

Action                   |  1- 3 |  4- 6 |  7- 9 || total
-------------------------+-------+-------+-------++-------
Melee: Dagger            |    23 |    10 |     6 ||    39
 Cast: Ensorcelled Hiber |     6 |       |     5 ||    11
       Dazzling Spray    |     1 |     5 |     2 ||     8
       Confuse           |       |       |     1 ||     1
 Abil: Evoke Invisibilit |       |     1 |       ||     1
  Use: Potion            |     1 |     3 |     1 ||     5
       Scroll            |       |       |     5 ||     5
 Stab: Sleeping          |     5 |     6 |     4 ||    15
